 Dungeon Crawl Stone Soup version 0.20-a0-705-gbe8799e (webtiles) character file.

457 Kiturien the Gusty (level 7, 0/36 HPs)
             Began as a Tengu Air Elementalist on Feb 21, 2017.
             Killed from afar by an orc wizard (5 damage)
             ... with a puff of flame
             ... on level 4 of the Dungeon.
             The game lasted 00:23:02 (2754 turns).

Kiturien the Gusty (Tengu Air Elementalist)         Turns: 2754, Time: 00:23:03

Health: 0/36       AC:  2    Str:  9    XL:     7   Next: 6%
Magic:  7/15       EV: 12    Int: 17    God:
Gold:   156        SH:  0    Dex: 14    Spells: 5/15 levels left

rFire    . . .     SeeInvis .   j - +2 whip (elec)
rCold    . . .     Gourm    .   a - +0 robe
rNeg     . . .     Faith    .   (no shield)
rPois    .         Spirit   .   (helmet restricted)
rElec    .         Reflect  .   (no cloak)
rCorr    .         Harm     .   (no gloves)
MR       .....                  (boots unavailable)
Stlth    ++........             (no amulet)
Regen    0.2/turn               (no ring)
MPRegen  0.2/turn               (no ring)

@: swift, quick
A: beak, talons 3, able to fly 1
a: Fly


You were on level 4 of the Dungeon.
You were not hungry.

You visited 1 branch of the dungeon, and saw 4 of its levels.

You collected 156 gold pieces.

Inventory:

Hand Weapons
 j - a +2 whip of electrocution (weapon)
Armour
 a - a +0 robe (worn)
Wands
 r - a wand of paralysis (16/24)
Scrolls
 d - a scroll of enchant weapon {unknown}
 e - 3 scrolls of identify
 h - a scroll of noise {unknown}
 m - a scroll of fog {unknown}
 n - 3 scrolls of teleportation {unknown}
 o - a scroll of magic mapping {unknown}
 q - 2 scrolls of amnesia {unknown}
Potions
 g - 2 potions of magic
Books
 b - a book of Air

   Spells                             Type                      Level
   a - Shock                          Conjuration/Air              1
   b - Swiftness                      Charms/Air                   2
   c - Static Discharge               Conjuration/Air              3
   d - Airstrike                      Air                          4
   e - Lightning Bolt                 Conjuration/Air              5
 l - a book of Cantrips

   Spells                             Type                      Level
   a - Confusing Touch                Hexes                        1
   b - Animate Skeleton               Necromancy                   1
   c - Summon Small Mammal            Summoning                    1
   d - Apportation                    Translocation                1
Comestibles
 c - 2 bread rations
 i - 2 fruits
 p - 2 meat rations
 s - a royal jelly


   Skills:
 - Level 2.2 Dodging
 - Level 2.0 Stealth
 + Level 4.9 Spellcasting
 - Level 1.3 Conjurations
 - Level 7.7 Air Magic


You had 5 spell levels left.
You knew the following spells:

 Your Spells              Type           Power        Failure   Level  Hunger
a - Shock                 Conj/Air       ###.         2%          1    None
b - Swiftness             Chrm/Air       ###.....     4%          2    #......
c - Static Discharge      Conj/Air       ###.....     10%         3    ###....
d - Airstrike             Air            ####......   10%         4    ####...


Dungeon Overview and Level Annotations

Branches:
Dungeon (4/15)
 Temple: D:4-7

Altars:
Uskayaw


Innate Abilities, Weirdness & Mutations

You have a beak for a mouth.
You have claws for feet.
You can fly.


Message History

Aiming: Shock
Press: ? - help, Shift-Dir - straight line, f - orc priest
Aim: an orc priest, wielding a whip and wearing a leather armour (severely wounded)
The zap hits the orc priest.
The orc priest is almost dead.
A magic dart appears from out of thin air!
The magic dart hits you!
* * * LOW HITPOINT WARNING * * *
You feel better.
The orc shouts!
Casting: Shock
Confirm with . or Enter, or press ? or * to list all spells.
You feel quick.
The orc priest looks satisfied for a moment.
The orc priest calls down the wrath of Beogh upon you.
Beogh smites you!
* * * LOW HITPOINT WARNING * * *
A puff of flame appears from out of thin air!
The puff of flame hits you!
You die...

.# #........ .# ...
##........ .##... #..# #...#
...... #..## ##..## ... ....#
#..# #...# ..... ...##
#..####...## #..... ....##
#...##.....###......
.....#####............#......
......#.......#.@......o.....
.............###.....o....#
.......###..## ###........##
#...#### #..# ##...(....#
##.## ##.# ##..###...# ##.#
#.# #### ... #.# #.# ### ###


You could see an orc priest and an orc.

Vanquished Creatures
  The ghost of Kiturien the Gusty, an amateur TeAE (D:3)
  A phantom (D:4)
  An orc priest (D:3)
  A hound (D:4)
  Jessica (D:2)
  An orc wizard (D:3)
  3 gnolls (D:3)
  6 adders
  A worm (D:2)
  A dart slug (D:2)
  3 leopard geckos (D:3)
  2 orcs (D:3)
  14 bats
  3 giant cockroaches
  10 goblins
  8 hobgoblins
  2 jackals (D:3)
  5 kobolds
  A quokka (D:3)
  4 frilled lizards
  4 rats
73 creatures vanquished.

Notes
Turn   | Place    | Note
-------+----------+-------------------------------------------
     0 | D:1      | Kiturien the Tengu Air Elementalist began the quest for the Orb.
     0 | D:1      | Reached XP level 1. HP: 10/10 MP: 4/4
   240 | D:1      | Reached XP level 2. HP: 15/15 MP: 1/6
   708 | D:2      | Reached XP level 3. HP: 19/19 MP: 0/8
   847 | D:2      | Learned a level 2 spell: Swiftness
   851 | D:2      | Learned a level 3 spell: Static Discharge
   894 | D:2      | Found a hide-covered altar of Uskayaw.
   913 | D:2      | Noticed a hand axe
   914 | D:2      | Noticed a hand axe
  1033 | D:2      | Noticed Jessica
  1040 | D:2      | Killed Jessica
  1040 | D:2      | Reached XP level 4. HP: 22/24 MP: 4/10
  1578 | D:2      | Learned a level 4 spell: Airstrike
  1625 | D:3      | Noticed Kiturien's ghost (amateur TeAE)
  1725 | D:3      | Killed Kiturien's ghost
  1725 | D:3      | Reached skill level 6 in Air Magic
  1725 | D:3      | Gained mutation: You can fly. [Tengu growth]
  1725 | D:3      | Reached XP level 5. HP: 21/28 MP: 3/12
  1882 | D:3      | Reached XP level 6. HP: 31/32 MP: 5/13
  1888 | D:3      | Reached skill level 7 in Air Magic
  2571 | D:4      | Noticed a phantom
  2585 | D:4      | Killed a phantom
  2735 | D:4      | Reached XP level 7. HP: 36/36 MP: 12/15
  2754 | D:4      | Killed from afar by an orc wizard

Vault maps used:
D:1:      mushboom_english_gardens
D:2:      dancing_weapons_uskayaw, first_bread, uniq_jessica
D:3:      grunt_decor_one_mirror, minmay_misc_feat_tiny
D:4:      kennysheep_six_static_rooms, minmay_temple_entry_purple_smoke,
          minmay_box_of_dots, uniq_menkaure, uniq_eustachio, uniq_sigmund

Skill      XL: |  1  2  3  4  5  6 |
---------------+-------------------+-----
Spellcasting   | 3 4 |  4.9
Air Magic      | 6 7 |  7.7
Dodging        | |  2.2
Stealth        | |  2.0
Conjurations   | |  1.3

Action                   |  1- 3 |  4- 6 |  7- 9 || total
-------------------------+-------+-------+-------++-------
Melee: Kick              |     1 |     1 |       ||     2
       Unarmed           |     1 |       |       ||     1
       Whip              |     5 |     6 |       ||    11
 Cast: Shock             |    55 |    92 |     6 ||   153
       Swiftness         |     1 |       |     1 ||     2
       Airstrike         |       |     5 |       ||     5
  Use: Scroll            |       |     2 |       ||     2
       Potion            |       |       |     1 ||     1
  Eat: Chunk             |     1 |     6 |       ||     7
Armor: Robe              |     4 |     9 |       ||    13
Dodge: Dodged            |     8 |    19 |       ||    27
